 Dungeon Crawl Stone Soup version 0.28.0-53-g5a82cb258f (webtiles) character file.

Game seed: 7242965866822164997

454762 Infinimo the Conqueror (level 24, -1/265 HPs)
             Began as an Ogre Gladiator on June 2, 2022.
             Was the Champion of Okawaru.
             Splashed with acid (6 damage)
             ... on level 4 of the Pits of Slime on June 3, 2022.
             The game lasted 02:10:30 (65788 turns).

Infinimo the Conqueror (Ogre Gladiator)            Turns: 65788, Time: 02:10:31

Health: -1/265     AC: 34    Str: 33    XL:     24   Next: 36%
Magic:  0/33       EV:  8    Int:  9    God:    Okawaru [******]
Gold:   2073       SH:  0    Dex: 10    Spells: 23/23 levels left

rFire   + + +      SeeInvis +   y - +8 giant spiked club of the Median {freeze, Str+6}
rCold   + + .      Faith    .   (shield currently unavailable)
rNeg    . . .      Spirit   +   F - +9 gold dragon scales
rPois   +          Reflect  .   j - +2 hat {Will+}
rElec   +          Harm     .   w - scarf {rC+ rF+}
rCorr   +          Rampage  .   (gloves unavailable)
Will    +++..                   (boots unavailable)
Stlth   ..........              V - amulet "Qoeczosow" {Spirit rElec rPois Str-4 Slay+6}
HPRegen 0.54/turn               p - ring "Origroll" {rCorr SInv}
MPRegen 0.23/turn               J - +4 ring of protection

@: on berserk cooldown, slowed, very slow
A: large, unfitting armour, tough skin 1, camouflage 1, fire resistance 1, frail
1, electricity resistance, weak 1
}: 2/15 runes: serpentine, barnacled
a: Renounce Religion, Heroism, Finesse, Duel


You were on level 4 of the Pits of Slime.
You worshipped Okawaru.
Okawaru was exalted by your worship.
You visited 10 branches of the dungeon, and saw 47 of its levels.
You visited 2 bazaars.
You also visited: Gauntlet.

You collected 5002 gold pieces.
You spent 2929 gold pieces at shops.

Inventory:

Hand Weapons
 u - a +2 spectral giant spiked club
 y - the +8 giant spiked club of the Median (weapon) {freeze, Str+6}
   (Okawaru gifted it to you on level 1 of the Lair of Beasts)

   It freezes those it strikes, dealing additional cold damage.
   It can also slow down cold-blooded creatures.
   Str:       It affects your strength (+6).
Missiles
 d - 8 throwing nets (quivered)
 M - 12 curare-tipped darts
Armour
 a - a +0 cloak of poison resistance
 j - a +2 hat of willpower (worn)
 w - a scarf of resistance (worn)
 F - +9 gold dragon scales (worn)
 I - the +2 hat of Servitude {Rampage rF- rC+++ rCorr}
   (You found it on level 1 of the Elven Halls)

   rF:        It makes you vulnerable to fire.
   rC:        It renders you almost immune to cold.
   rCorr:     It protects you from acid and corrosion.
   Rampage:   It bestows one free step when moving towards enemies.
Jewellery
 p - the ring "Origroll" (left hand) {rCorr SInv}
   (You bought it in a shop in a bazaar)

   [ring of see invisible]

   SInv:      It lets you see invisible.
   rCorr:     It protects you from acid and corrosion.
 J - a +4 ring of protection (right hand)
 V - the amulet "Qoeczosow" (around neck) {Spirit rElec rPois Str-4 Slay+6}
   (You acquired it on level 3 of the Vaults)

   [amulet of guardian spirit]

   It causes incoming damage to be divided between your reserves of health and
   magic.
   Str:       It affects your strength (-4).
   Slay:      It affects your accuracy & damage with ranged weapons and melee
   (+6).
   rElec:     It insulates you from electricity.
   rPois:     It protects you from poison.
Wands
 f - a wand of digging (11)
 q - a wand of flame (93)
 B - a wand of iceblast (18)
 G - a wand of acid (9)
 N - a wand of paralysis (23)
 P - a wand of polymorph (7)
 W - a wand of mindburst (8)
Scrolls
 c - 2 scrolls of holy word
 e - a scroll of teleportation
 g - 6 scrolls of amnesia
 k - 29 scrolls of identify
 s - 2 scrolls of enchant armour
 C - 5 scrolls of magic mapping
 D - a scroll of brand weapon
 H - 7 scrolls of fog
 R - a scroll of silence
 T - 4 scrolls of enchant weapon
Potions
 b - 5 potions of lignification
 h - 4 potions of flight
 i - 4 potions of cancellation
 l - 4 potions of mutation
 m - 3 potions of might
 n - 6 potions of brilliance
 r - 4 potions of curing
 t - 4 potions of magic
 x - 7 potions of attraction
 z - a potion of haste
 A - 8 potions of degeneration
 O - 5 potions of ambrosia
 S - a potion of berserk rage
 Y - 2 potions of invisibility


   Skills:
 O Level 27 Fighting
 O Level 27 Maces & Flails
 - Level 2.0 Throwing
 + Level 11.4 Armour
 - Level 15.1 Dodging
 + Level 14.5 Invocations


You had 23 spell levels left.
You didn't know any spells.
Your spell library contained the following spells:

 Spells                   Type           Power      Damage    Failure   Level
 Magic Dart               Conj           0%         1d3       100%        1
 Shock                    Conj/Air       0%         1d3       100%        1
 Sublimation of Blood     Necr           0%         N/A       100%        2
 Dazzling Flash           Conj/Hex       0%         N/A       100%        3
 Gell's Gravitas          Tloc           0%         N/A       100%        3
 Ignite Poison            Fire/Tmut/Pois 0%         N/A       100%        3
 Inner Flame              Hex/Fire       0%         N/A       100%        3
 Lesser Beckoning         Tloc           0%         N/A       100%        3
 Mephitic Cloud           Conj/Pois/Air  0%         N/A       100%        3
 Portal Projectile        Hex/Tloc       0%         N/A       100%        3
 Stone Arrow              Conj/Erth      0%         3d7       100%        3
 Swiftness                Air            0%         N/A       100%        3
 Teleport Other           Tloc           0%         N/A       100%        3
 Airstrike                Air            0%         N/A       100%        4
 Cause Fear               Hex            0%         N/A       100%        4
 Fulminant Prism          Conj/Hex       0%         3d6       100%        4
 Hailstorm                Conj/Ice       0%         3d3       100%        4
 Ice Form                 Ice/Tmut       0%         N/A       100%        4
 Iskenderun's Mystic Bla  Conj/Tloc      0%         2d3       100%        4
 Leda's Liquefaction      Hex/Erth       0%         N/A       100%        4
 Passage of Golubria      Tloc           0%         N/A       100%        4
 Petrify                  Tmut/Erth      0%         N/A       100%        4
 Fireball                 Conj/Fire      0%         3d3       100%        5
 Freezing Cloud           Conj/Ice/Air   0%         6-21      100%        5
 Irradiate                Conj/Tmut      0%         3d13      100%        5
 Lee's Rapid Deconstruct  Erth           0%         3d5*      100%        5
 Silence                  Hex/Air        0%         N/A       100%        5
 Conjure Ball Lightning   Conj/Air       0%         3x3d6     100%        6
 Dispersal                Tloc           0%         N/A       100%        6
 Starburst                Conj/Fire      0%         6d3       100%        6
 Orb of Destruction       Conj           0%         9d5       100%        7
 Storm Form               Tmut/Air       0%         N/A       100%        7
 Discord                  Hex            0%         N/A       100%        8
 Disjunction              Tloc           0%         N/A       100%        8
 Ignition                 Fire           0%         3d3       100%        8
 Lehudib's Crystal Spear  Conj/Erth      0%         10d2      100%        8
 Maxwell's Capacitive Co  Air            0%         ∞         100%        8
 Polar Vortex             Ice            0%         N/A       100%        9
 Call Imp                 Summ           Unusable   N/A       N/A         2
 Call Canine Familiar     Summ           Unusable   N/A       N/A         3
 Summon Guardian Golem    Hex/Summ       Unusable   N/A       N/A         3
 Animate Armour           Summ/Erth      Unusable   N/A       N/A         4
 Summon Lightning Spire   Summ/Air       Unusable   N/A       N/A         4
 Simulacrum               Ice/Necr       Unusable   N/A       N/A         6
 Spellforged Servitor     Conj/Summ      Unusable   N/A       N/A         7

Dungeon Overview and Level Annotations

Branches:
Dungeon (15/15)            Temple (1/1) D:4            Lair (6/6) D:10
 Shoals (4/4) Lair:4        Snake (4/4) Lair:4        Slime (5/5) Lair:6
    Orc (2/2) D:9             Elf (2/3) Orc:2        Vaults (4/5) D:13
  Crypt (0/3) Vaults:2     Depths (4/4) D:15            Zot (0/5) Depths:4
Gauntlet (visited)

Altars:
Ashenzari
Cheibriados
Dithmenos
Elyvilon
Fedhas
Gozag
Hepliaklqana
Kikubaaqudgha
Makhleb
Nemelex Xobeh
Okawaru
Qazlal
Ru
Sif Muna
Trog
Uskayaw
Vehumet
Wu Jian
Xom
Yredelemnul
Zin
The Shining One
Beogh
Jiyva

Shops:
D:3 *   D:5 =   D:8 (   Orc:1 *   Orc:2 [(!:   Shoals:1 =   Snake:2 :(*

Portals:
Hell: Depths:1 Depths:2 Depths:3 Depths:4
Abyss: Depths:2 Depths:3
Pandemonium: Depths:2 Depths:4
Ziggurat: Depths:2

Annotations:
D:2 1 runed translucent door, Crazy Yiuf
D:5 1 runed translucent door, Dune's ghost, novice MiBe
Lair:3 3 runed translucent doors, Ruicvywi's ghost, journeyman OgTm; Uganofoe's ghost, journeyman PaWr
Shoals:2 exclusion: oklob plant


Innate Abilities, Weirdness & Mutations

You are too large for most types of armour.
You have tough skin. (AC +1)
Your skin changes colour to match your surroundings (Stealth+).
Your flesh is heat resistant. (rF+)
You are frail. (-10% HP)
You are resistant to electric shocks. (rElec)
You are weak. (Str -2)


Message History

The rockslime hits you!!
* * * LOW HITPOINT WARNING * * *
You stumble backwards!
You stop ascending the stairs.
Unknown command.
Unknown command.
Okay, then.
You cannot read scrolls while unable to breathe!
Unknown command.
You feel better.
You gasp with relief as air once again reaches your lungs.
The quicksilver ooze hits you.
* * * LOW HITPOINT WARNING * * *
The quicksilver ooze engulfs you!
The quicksilver ooze hits you but does no damage.
The rockslime completely misses you.
The quicksilver ooze barely misses you. x2
The quicksilver ooze hits you. The quicksilver ooze barely misses you.
The rockslime completely misses you. The quicksilver ooze hits you.
The quicksilver ooze hits you but does no damage.
You cannot read scrolls while unable to breathe!
You slip free of the ooze engulfing you.
You gasp with relief as air once again reaches your lungs.
The quicksilver ooze hits you.
* * * LOW HITPOINT WARNING * * *
The quicksilver ooze engulfs you! The quicksilver ooze barely misses you.
You cannot read scrolls while unable to breathe!
You slip free of the ooze engulfing you.
You are splashed with acid.
* * * LOW HITPOINT WARNING * * *
You gasp with relief as air once again reaches your lungs.
The rockslime hits you.
* * * LOW HITPOINT WARNING * * *
You hold your ground!
Unknown command.
As you read the scroll of fear, it crumbles to dust.
You assume a fearsome visage.
The quicksilver ooze is unaffected. x2
The rockslime resists with some effort.
The quicksilver ooze is unaffected.
The rockslime resists with almost no effort.
The azure jelly resists with some effort.
You are splashed with acid.
You die...

##.### ##.#.....<.<.....
#....########........##.#
#....#..##..#.......#...
##...................#
#..............#....####
##..................###.
###....................
###....J.........#.....
#.....@JJ..............
#.....#JJJ..>..#........
##.#..#...<.............
##.....................
#....##..#.............
##.####..........#.....
#######........#......
##.###..>....##......
#............##...##.


You could see an azure jelly, 2 rockslimes and 3 quicksilver oozes.

Vanquished Creatures
  the Royal Jelly (Slime:5)
  An ancient lich (Vaults:3)
  Mennas (Vaults:2)
  Frederick (Depths:3)
  A golden dragon (Depths:4)
  Vashnia (Snake:4)
  A hellephant (Depths:2)
  A tentacled monstrosity (Vaults:3)
  Mlioglotl (Shoals:4)
  3 liches
  Asterion (Elf:1)
  A quicksilver dragon (Depths:4)
  A deep elf blademaster (Elf:2)
  A kraken (Shoals:3)
  8 acid blobs
  5 sphinxes
  Polyphemus (Shoals:2)
  Agnes (Lair:4)
  A shadow dragon (Vaults:4)
  Gastronok (Lair:2)
  4 tengu reavers
  8 rockslimes
  7 azure jellies
  8 fire giants
  A deep elf sorcerer (Elf:1)
  6 frost giants
  A nagaraja (Snake:2)
  Ilsuiw (Shoals:2)
  Louise (Depths:2)
  A draconian shifter (Depths:4)
  Aizul (Shoals:1)
  2 orc warlords (Vaults:4)
  The ghost of Peloso the Fencer, a journeyman MiFi of Okawaru (Elf:1)
  10 vault wardens
  A war gargoyle (Vaults:3)
  A draconian annihilator (Depths:4)
  8 ironbound thunderhulks
  2 spriggan defenders (Depths:1)
  3 quicksilver oozes
  9 stone giants
  19 ironbound preservers
  26 very ugly things
  2 grey draconians (Depths:4)
  4 vampire knights
  4 entropy weavers
  A green draconian (Vaults:4)
  10 dire elephants
  4 spark wasps (Depths:4)
  A deep elf demonologist (Elf:2)
  2 minotaurs
  2 purple draconians (Depths:4)
  2 red draconians (Depths:4)
  3 yellow draconians
  3 deep elf death magi
  5 merfolk javelineers
  7 great orbs of eyes
  14 ettins
  9 fire dragons
  11 merfolk impalers
  8 yaktaur captains
  3 jiangshi (Depths:2)
  2 deep elf high priests (Vaults:4)
  22 vault guards
  2 ice dragons
  7 salamander tyrants
  7 naga warriors
  Erolcha (Orc:2)
  8 hydras
  An ogre mage (D:15)
  A boulder beetle (D:15)
  5 catoblepae
  2 spriggan air magi
  16 anacondas
  10 ironbound frosthearts
  3 merfolk aquamancers
  3 merfolk avatars
  6 centaur warriors
  3 tengu warriors
  27 dancing weapons
  10 death yaks
  3 deep troll earth magi (Depths:1)
  4 alligator snapping turtles
  5 satyrs (Shoals:4)
  9 two-headed ogres
  18 naga sharpshooters
  6 spriggan berserkers
  10 shock serpents
  A vampire mage (Depths:2)
  2 sun demons
  A soul eater (Gauntlet)
  Nergalle (Orc:2)
  2 spriggans
  A spectral anaconda (Snake:3)
  12 deep elf knights
  A sixfirhy (Depths:2)
  9 salamander mystics
  56 deep trolls
  3 glowing orange brains
  A shadow wraith (Vaults:4)
  2 anaconda zombies (Snake:3)
  20 sea snakes
  A phantasmal warrior (Vaults:4)
  7 harpies
  13 naga ritualists
  12 deep elf archers
  12 wizards
  8 orc knights
  A lindwurm (shapeshifter) (D:12)
  6 lindwurms
  23 deep elf pyromancers
  12 ironbound convokers
  20 deep elf zephyrmancers
  4 necromancers
  A sphinx zombie (Vaults:3)
  4 anaconda skeletons (Snake:3)
  15 fauns
  10 orc sorcerers
  8 cyclopes
  29 ugly things
  30 salamanders
  20 mana vipers
  2 tengu skeletons
  11 manticores
  6 shining eyes
  A sphinx skeleton (Depths:1)
  98 slime creatures
  3 water nymphs
  14 merfolk sirens
  8 guardian serpents
  A smoke demon (Depths:4)
  20 vault sentinels
  37 black mambas
  11 elephants
  2 eyes of devastation
  2 rust devils
  An elf skeleton (Vaults:3)
  An orange demon (Depths:2)
  3 torpor snails
  5 gargoyles
  16 cane toads
  18 naga magi
  Maggie (D:9)
  Psyche (D:10)
  4 rime drakes
  A tormentor (Depths:2)
  An unseen horror (D:12)
  A rime drake (shapeshifter) (D:13)
  3 anaconda simulacra (Snake:3)
  A hellwing (Depths:2)
  A hellion (Depths:4)
  8 komodo dragons
  An ice devil (Depths:2)
  5 trolls
  A red devil (Depths:2)
  A tengu conjurer (D:13)
  21 yaktaurs
  28 merfolk
  A tengu simulacrum (Vaults:4)
  4 tyrant leeches
  3 meliai (Shoals:4)
  Grinder (D:6)
  9 dream sheep
  12 wind drakes
  2 hornets
  10 snapping turtles
  A snapping turtle (shapeshifter) (Depths:1)
  14 blink frogs
  A centaur simulacrum (D:11)
  A meliai zombie (D:10)
  A culicivora (Vaults:1)
  22 water elementals
  A jumping spider (Gauntlet)
  A spriggan (shapeshifter) (D:13)
  3 wraiths
  4 fire bats (Lair:3)
  5 basilisks
  38 yaks
  A ynoxinul (Depths:2)
  18 golden eyes
  7 wyverns
  3 large abominations (Depths:3)
  3 redbacks (Vaults:1)
  A redback (shapeshifter) (Depths:3)
  2 fire elementals
  A chaos spawn (Depths:2)
  11 vampire mosquitoes
  43 nagas
  3 wargs
  7 acid dragons
  2 human zombies
  18 water moccasins
  3 floating eyes
  An ice beast (D:8)
  A meliai simulacrum (D:15)
  25 orc warriors
  A sky beast (D:6)
  A black bear (shapeshifter) (D:14)
  3 wolves (Lair:2)
  5 boggarts
  18 centaurs
  12 ogres
  A phantom (D:6)
  6 kobold brigands
  16 bullfrogs
  3 earth elementals (Elf:1)
  2 human simulacra
  2 gnoll sergeants
  4 scorpions
  A wyvern skeleton (D:6)
  A water moccasin skeleton (D:4)
  A hornet simulacrum (D:15)
  12 killer bees
  11 wights
  3 electric eels (Lair:6)
  A lava snake (Lair:3)
  5 centaur zombies
  2 jellies (D:6)
  2 hounds
  A bullfrog zombie (D:7)
  A gnoll shaman (D:5)
  11 orc priests
  2 centaur skeletons
  31 orc wizards
  Natasha (thrice) (D:3)
  5 iguanas
  Terence (D:3)
  2 killer bee zombies
  A hound skeleton (D:4)
  A howler monkey zombie (D:8)
  19 gnolls
  3 adders
  3 shadow imps (Gauntlet)
  A white imp (D:5)
  2 dart slugs (D:1)
  74 orcs
  5 endoplasms
  2 giant cockroaches
  7 goblins
  5 hobgoblins
  3 jackals (D:1)
  4 quokkas
  2 ball pythons
  6 bats
  2 frilled lizards (D:3)
  A hobgoblin zombie (D:6)
  A jackal skeleton (D:4)
  33 kobolds
  7 rats
  5 tentacles (Shoals:3)
1768 creatures vanquished.

Vanquished Creatures (others)
  A blink frog (Lair:6)
  2 humans (Depths:3)
  12 demonic plants (Gauntlet)
  41 fungi
  180 plants
  7 tentacles (Shoals:3)
  2 withered plants (D:5)
245 creatures vanquished.

Grand Total: 2013 creatures vanquished

Notes
Turn   | Place    | Note
-------+----------+-------------------------------------------
     0 | D:1      | Infinimo the Ogre Gladiator began the quest for the Orb.
     0 | D:1      | Reached XP level 1. HP: 22/22 MP: 1/1
   143 | D:1      | Reached XP level 2. HP: 22/29 MP: 2/2
   539 | D:1      | Found a faded altar of an unknown god.
  1036 | D:2      | Reached XP level 3. HP: 37/37 MP: 3/3
  1686 | D:2      | Identified the +5 spear of Burning Valiance {freeze, rElec
                  | Dex+2 Stlth+}
  1738 | D:2      | Found a runed translucent door.
  1739 | D:2      | Noticed Crazy Yiuf
  1843 | D:3      | Noticed Natasha
  1847 | D:3      | Killed Natasha
  1848 | D:3      | Reached XP level 4. HP: 40/48 MP: 4/4
  2552 | D:3      | Reached XP level 5. HP: 54/54 MP: 5/5
  2755 | D:3      | Noticed Terence
  2769 | D:3      | Killed Terence
  2905 | D:3      | Noticed Natasha
  2916 | D:3      | Killed Natasha
  3354 | D:3      | Noticed Natasha
  3361 | D:3      | Killed Natasha
  3621 | D:3      | Found Pychaptuus's General Store.
  3628 | D:3      | Bought a potion of curing for 42 gold pieces
  3628 | D:3      | Bought a scroll of teleportation for 42 gold pieces
  3765 | D:4      | Found a staircase to the Ecumenical Temple.
  3775 | Temple   | Entered the Ecumenical Temple
  3840 | Temple   | Became a worshipper of Warmaster Okawaru
  4187 | D:4      | Reached XP level 6. HP: 63/63 MP: 6/6
  4560 | D:4      | Reached skill level 5 in Fighting
  4560 | D:4      | Reached skill level 5 in Maces & Flails
  4988 | D:4      | Reached XP level 7. HP: 39/72 MP: 7/7
  5412 | D:5      | Entered Level 5 of the Dungeon
  5480 | D:5      | Found a runed translucent door.
  5480 | D:5      | Noticed Dune's ghost (novice MiBe)
  5519 | D:5      | Reached * piety under Okawaru
  5796 | D:5      | Found Wuaveboch's Jewellery Shoppe.
  5872 | D:5      | Found a hazy altar of Hepliaklqana.
  5981 | D:5      | Reached XP level 8. HP: 36/83 MP: 8/8
  6481 | D:6      | Reached ** piety under Okawaru
  6482 | D:6      | Reached skill level 5 in Dodging
  6617 | D:6      | Noticed Grinder
  6639 | D:6      | Killed Grinder
  7163 | D:6      | Reached XP level 9. HP: 94/94 MP: 9/9
  7542 | D:7      | Noticed a gargoyle
  7683 | D:6      | Reached *** piety under Okawaru
  8053 | D:7      | Found a sparkling altar of Nemelex Xobeh.
  8729 | D:7      | Reached **** piety under Okawaru
  8849 | D:8      | Received a gift from Okawaru
  8894 | D:8      | Reached XP level 10. HP: 96/107 MP: 10/10
  9364 | D:8      | Found Cewokluck's Weapon Shoppe.
  9883 | D:9      | Noticed a two-headed ogre
  9898 | D:9      | Killed a two-headed ogre
  9898 | D:9      | Reached ***** piety under Okawaru
  9899 | D:9      | Reached skill level 10 in Fighting
  9899 | D:9      | Reached skill level 10 in Maces & Flails
 10322 | D:9      | Noticed Maggie
 10376 | D:9      | Killed Maggie
 10376 | D:9      | Received a gift from Okawaru
 10428 | D:9      | Found a staircase to the Orcish Mines.
 10522 | D:9      | Found the +4 dagger "Morg" {pain, Will+ Int+5}
 10824 | D:10     | Entered Level 10 of the Dungeon
 10826 | D:10     | Noticed a two-headed ogre
 10840 | D:10     | Killed a two-headed ogre
 10840 | D:10     | Received a gift from Okawaru
 10875 | D:10     | Reached XP level 11. HP: 118/119 MP: 11/11
 10884 | D:10     | Found a staircase to the Lair.
 11490 | D:10     | Noticed Psyche
 11507 | D:10     | Killed Psyche
 12183 | D:10     | Noticed a two-headed ogre
 12291 | D:10     | Killed a two-headed ogre
 12568 | Lair:1   | Entered Level 1 of the Lair of Beasts
 12637 | Lair:1   | Reached XP level 12. HP: 133/133 MP: 12/12
 12892 | Lair:1   | Received a gift from Okawaru
 13066 | Lair:1   | Noticed a five-headed hydra
 13099 | Lair:1   | Killed a five-headed hydra
 13099 | Lair:1   | Reached ****** piety under Okawaru
 13099 | Lair:1   | Identified the +8 giant spiked club of the Median {freeze,
                  | Str+6} (Okawaru gifted it to you on level 1 of the Lair of
                  | Beasts)
 13099 | Lair:1   | Received a gift from Okawaru
 13515 | Lair:2   | Noticed Gastronok
 13523 | Lair:2   | Killed Gastronok
 13952 | Lair:2   | Noticed a seven-headed hydra
 13963 | Lair:2   | Killed a seven-headed hydra
 13964 | Lair:2   | Reached skill level 10 in Dodging
 14026 | Lair:2   | You fall into a shaft and drop 2 floors!
 14576 | Lair:3   | Reached XP level 13. HP: 146/146 MP: 13/13
 14583 | Lair:3   | Found a runed translucent gate.
 14584 | Lair:3   | Found a runed translucent gate.
 14697 | Lair:3   | Found a runed translucent gate.
 14702 | Lair:3   | Noticed Ruicvywi's ghost (journeyman OgTm)
 14702 | Lair:3   | Noticed Uganofoe's ghost (journeyman PaWr)
 14768 | Lair:3   | Identified the +9 dire flail of Kyef Ilu {freeze, rCorr
                  | MP-9 Int+2 Dex+2} (Okawaru gifted it to you on level 3 of
                  | the Lair of Beasts)
 14768 | Lair:3   | Received a gift from Okawaru
 15208 | Lair:4   | Found a staircase to the Snake Pit.
 15343 | Lair:4   | Found a staircase to the Shoals.
 16313 | Lair:5   | Found a gate leading to a gauntlet.
 16322 | Gauntlet | Entered a Gauntlet
 16322 | Gauntlet | Found a transporter.
 16322 | Gauntlet | Found a transporter.
 16323 | Gauntlet | Found a transporter.
 16324 | Gauntlet | Found a transporter.
 16325 | Gauntlet | Found a transporter.
 16327 | Gauntlet | Found a transporter.
 16333 | Gauntlet | Found a transporter.
 16336 | Gauntlet | Found a transporter.
 16338 | Gauntlet | Found a transporter.
 16341 | Gauntlet | Noticed an entropy weaver
 16343 | Gauntlet | Found a transporter.
 16346 | Gauntlet | Found a transporter.
 16349 | Gauntlet | Found a transporter.
 16541 | Gauntlet | Received a gift from Okawaru
 16611 | Gauntlet | Identified the ring of Nelul {Fire Will+ Str+2}
 16621 | Gauntlet | Killed an entropy weaver
 16671 | Gauntlet | Noticed a minotaur
 16742 | Gauntlet | Killed a minotaur
 16743 | Gauntlet | Reached skill level 15 in Maces & Flails
 16993 | Lair:5   | Reached skill level 15 in Fighting
 17794 | Lair:6   | Entered Level 6 of the Lair of Beasts
 17854 | Lair:5   | Identified the +2 robe "Ufukol" {Drain rPois rF+} (Okawaru
                  | gifted it to you on level 5 of the Lair of Beasts)
 17854 | Lair:5   | Received a gift from Okawaru
 17931 | Lair:6   | Reached XP level 14. HP: 159/159 MP: 14/14
 17946 | Lair:6   | Found a viscous altar of Jiyva.
 18795 | Lair:6   | Identified the ring of Uxext {Ice rN+ Str+2}
 18857 | Lair:6   | Found a staircase to the Slime Pits.
 18886 | Lair:6   | Identified the +8 great mace of Parts Unknown {protect,
                  | *Noise rElec Will+} (Okawaru gifted it to you on level 6 of
                  | the Lair of Beasts)
 18886 | Lair:6   | Received a gift from Okawaru
 21303 | D:13     | Received a gift from Okawaru
 21304 | D:13     | Reached XP level 15. HP: 141/172 MP: 15/15
 21454 | D:13     | Found a gate to the Vaults.
 22170 | D:14     | Found an opulent altar of Gozag.
 22377 | D:14     | Identified the +9 great sword of Ikhloc {vorpal, Will+}
 22473 | D:14     | Received a gift from Okawaru
 22692 | D:15     | Entered Level 15 of the Dungeon
 22755 | D:15     | Identified the +6 short sword of the Destroying Hero
                  | {freeze, Drain Fly rC+ rN+}
 23168 | D:15     | Found a broken altar of Ashenzari.
 23592 | D:15     | Received a gift from Okawaru
 24034 | D:15     | Found a staircase to the Depths.
 24549 | Orc:1    | Entered Level 1 of the Orcish Mines
 24732 | Orc:1    | Found Nioggyir's Needful Niceties.
 24910 | Orc:2    | Entered Level 2 of the Orcish Mines
 24911 | Orc:2    | Found a staircase to the Elven Halls.
 26268 | Orc:2    | Found Qygaox's Antique Armour Shop.
 26277 | Orc:2    | Bought a glowing hat for 252 gold pieces
 26292 | Orc:2    | Found a radiant altar of Vehumet.
 26292 | Orc:2    | Noticed Erolcha
 26306 | Orc:2    | Killed Erolcha
 26331 | Orc:2    | Found Attimm's Antique Weapon Boutique.
 26352 | Orc:2    | Noticed Nergalle
 26377 | Orc:2    | Killed Nergalle
 26392 | Orc:2    | Found an ancient bone altar of Kikubaaqudgha.
 26451 | Orc:2    | Reached XP level 16. HP: 188/188 MP: 16/16
 26610 | Orc:2    | Found Geobis's Distillery.
 26733 | Orc:2    | Found Jicwitim's Book Shop.
 26858 | Orc:2    | Bought a manual of Fighting for 1440 gold pieces
 26875 | Orc:2    | Bought 2 potions of haste for 200 gold pieces
 26875 | Orc:2    | Bought 2 potions of haste for 200 gold pieces
 26875 | Orc:2    | Bought a potion of curing for 30 gold pieces
 26875 | Orc:2    | Bought a potion of heal wounds for 50 gold pieces
 27068 | Snake:1  | Entered Level 1 of the Snake Pit
 27071 | Snake:1  | Noticed Agnes
 27126 | Lair:4   | Killed Agnes
 27571 | Depths:1 | Entered Level 1 of the Depths
 27767 | Depths:1 | Noticed a tengu reaver
 27854 | D:15     | Received a gift from Okawaru
 27879 | D:15     | Killed a tengu reaver
 27974 | Depths:1 | Identified the +3 chain mail of Reason {rElec Regen+ Dex-5}
 28121 | Depths:1 | Noticed a lich
 28134 | Depths:1 | Killed a lich
 28564 | Shoals:1 | Entered Level 1 of the Shoals
 28605 | Shoals:1 | Noticed Aizul
 28614 | Shoals:1 | Killed Aizul
 28614 | Shoals:1 | Received a gift from Okawaru
 29124 | Shoals:1 | Found Cummyr's Jewellery Boutique.
 29351 | Shoals:2 | Noticed Ilsuiw
 29673 | Shoals:2 | Killed Ilsuiw
 29885 | Shoals:2 | Noticed Polyphemus
 29912 | Shoals:2 | Killed Polyphemus
 29993 | Shoals:2 | Identified the +1 robe of Perfidy {Dex+2} (Okawaru gifted
                  | it to you on level 2 of the Shoals)
 29993 | Shoals:2 | Received a gift from Okawaru
 30047 | Shoals:2 | Found a hazy altar of Hepliaklqana.
 30361 | Shoals:2 | Reached XP level 17. HP: 151/205 MP: 17/17
 30983 | Shoals:3 | Found a flickering gateway to a bazaar.
 31061 | Bazaar   | Entered a bazaar
 31065 | Bazaar   | Found Fupseraz's Assorted Antiques.
 31069 | Bazaar   | Found Puosi's Magic Scroll Boutique.
 31069 | Bazaar   | Found Rogav's Antique Armour Boutique.
 31070 | Bazaar   | Found Amycvaf's Book Boutique.
 31122 | Bazaar   | Bought a scroll of enchant armour for 67 gold pieces
 31122 | Bazaar   | Bought 2 scrolls of enchant armour for 135 gold pieces
 31122 | Bazaar   | Bought a scroll of enchant weapon for 67 gold pieces
 31144 | Bazaar   | Bought a scroll of teleportation for 72 gold pieces
 31144 | Bazaar   | Bought a potion of curing for 72 gold pieces
 31278 | Shoals:3 | Noticed a kraken
 31292 | Shoals:3 | Killed a kraken
 32171 | Shoals:4 | Entered Level 4 of the Shoals
 32498 | Shoals:4 | Identified the +1 robe "Rova" {rC+} (Okawaru gifted it to
                  | you on level 4 of the Shoals)
 32498 | Shoals:4 | Received a gift from Okawaru
 32825 | Shoals:4 | Found a hide-covered altar of Uskayaw.
 33006 | Shoals:4 | Got a barnacled rune of Zot
 33625 | Shoals:4 | Noticed Mlioglotl
 33643 | Shoals:4 | Killed Mlioglotl
 34037 | Shoals:4 | Identified the ring of Xabiod {Fly Dex+6}
 34078 | Shoals:4 | Identified the +1 robe "Doeph" {rCorr Stlth+} (Okawaru
                  | gifted it to you on level 4 of the Shoals)
 34078 | Shoals:4 | Received a gift from Okawaru
 34079 | Shoals:4 | Reached XP level 18. HP: 81/224 MP: 18/18
 34813 | Vaults:1 | Entered Level 1 of the Vaults
 35862 | Vaults:1 | Identified the +9 dire flail "Suank" {chaos, rC+ rCorr
                  | Str+4 Int-3} (Okawaru gifted it to you on level 1 of the
                  | Vaults)
 35862 | Vaults:1 | Received a gift from Okawaru
 36286 | Vaults:1 | Received a gift from Okawaru
 36545 | Vaults:1 | Reached XP level 19. HP: 225/236 MP: 19/19
 36911 | Vaults:1 | Paralysed by a sphinx for 7 turns
 37627 | Vaults:2 | Found a flickering gateway to a bazaar.
 37653 | Bazaar   | Entered a bazaar
 37657 | Bazaar   | Found Kuloba's Jewellery Boutique.
 37679 | Bazaar   | Found Naenniza's Antique Armour Emporium.
 37700 | Bazaar   | Found Qarask's General Store.
 37720 | Bazaar   | Found Qoijin's Antique Weapon Shoppe.
 37747 | Bazaar   | Bought the ring "Origroll" {rCorr SInv} for 248 gold pieces
 38089 | Vaults:2 | Found a staircase to the Crypt.
 38089 | Vaults:2 | Found a basalt altar of Yredelemnul.
 38089 | Vaults:2 | Found an ancient bone altar of Kikubaaqudgha.
 38196 | Vaults:2 | Received a gift from Okawaru
 38347 | Vaults:2 | Noticed Mennas
 38370 | Vaults:2 | Killed Mennas
 39982 | Vaults:3 | Received a gift from Okawaru
 40885 | Vaults:4 | Reached XP level 20. HP: 213/252 MP: 20/20
 41191 | Vaults:4 | Identified a scroll of acquirement
 41201 | Vaults:4 | Identified the +7 dire flail "Reofir" {spect, Int+3}
                  | (Okawaru gifted it to you on level 4 of the Vaults)
 41201 | Vaults:4 | Received a gift from Okawaru
 41996 | Vaults:4 | Identified the +5 falchion of Dones {drain, *Rage rN+ Str+4
                  | Int+10}
 41999 | Vaults:4 | Noticed an ancient lich
 42162 | Vaults:3 | Acquired the amulet "Qoeczosow" {Spirit rElec rPois Str-4
                  | Slay+6}
 42300 | Vaults:3 | Killed an ancient lich
 42597 | Vaults:4 | Identified the +1 robe of the Griffon {Fly rF- rC+++ Int-3}
                  | (Okawaru gifted it to you on level 4 of the Vaults)
 42597 | Vaults:4 | Received a gift from Okawaru
 43027 | Vaults:4 | Identified the +12 war axe of Resourcefulness {pain,
                  | *Corrode rF+++ Str+8}
 43353 | Vaults:4 | Reached skill level 27 in Fighting
 45304 | Snake:1  | Reached XP level 21. HP: 254/265 MP: 14/21
 45509 | Snake:2  | Found Zavoimek's Antique Weapon Emporium.
 45509 | Snake:2  | Found Qafox's Book Shoppe.
 46576 | Snake:2  | Identified the +0 hat of Dim Light {Regen+ Str-5 Dex+3}
                  | (Okawaru gifted it to you on level 2 of the Snake Pit)
 46576 | Snake:2  | Received a gift from Okawaru
 46688 | Snake:2  | Found Dorawomash's CLEARANCE SALE!.
 46695 | Snake:2  | Bought a potion of might for 12 gold pieces
 48305 | Snake:4  | Entered Level 4 of the Snake Pit
 48342 | Snake:4  | Found an ancient bone altar of Kikubaaqudgha.
 49156 | Snake:4  | Reached skill level 27 in Maces & Flails
 49231 | Snake:4  | Reached skill level 1 in Invocations
 49409 | Snake:4  | Reached skill level 1 in Armour
 49831 | Snake:4  | Noticed Vashnia
 49868 | Snake:4  | Killed Vashnia
 49868 | Snake:4  | Identified the +4 giant spiked club "Ogrebane" {vorpal,
                  | +Blink rN+ Str+4} (Okawaru gifted it to you on level 4 of
                  | the Snake Pit)
 49868 | Snake:4  | Received a gift from Okawaru
 50324 | Snake:4  | Reached XP level 22. HP: 263/275 MP: 23/25
 50458 | Snake:4  | Got a serpentine rune of Zot
 51247 | Depths:1 | Found a gateway to Hell.
 51525 | Depths:1 | Found an iron altar of Okawaru.
 51627 | Depths:1 | Reached skill level 5 in Invocations
 52320 | Depths:2 | Found a one-way gateway to a ziggurat.
 52374 | Depths:2 | Found a one-way gate to the infinite horrors of the Abyss.
 52375 | Depths:2 | Noticed Louise
 52378 | Depths:2 | Paralysed by a floating eye for 2 turns
 52410 | Depths:2 | Killed Louise
 52410 | Depths:2 | Identified the +3 giant club "Cetoa" {pain, Dex+2} (Okawaru
                  | gifted it to you on level 2 of the Depths)
 52410 | Depths:2 | Received a gift from Okawaru
 53137 | Depths:2 | Reached skill level 5 in Armour
 53142 | Depths:2 | HP: 12/275 [barbs]
 53789 | Depths:2 | Received a gift from Okawaru
 53789 | Depths:2 | Found the +4 skin of Zhor {*Englaciate rC+++ SInv}
 54261 | Depths:2 | Found a one-way gate leading to the halls of Pandemonium.
 55514 | Depths:3 | Noticed Frederick
 55550 | Depths:3 | Killed Frederick
 55726 | Depths:4 | Entered Level 4 of the Depths
 56583 | Depths:4 | Noticed a golden dragon
 56595 | Depths:4 | Killed a golden dragon
 56618 | Depths:4 | Reached XP level 23. HP: 242/284 MP: 25/29
 56708 | Depths:4 | Found a gate to the Realm of Zot.
 56823 | Depths:4 | Identified the +1 robe of Indemnity {Int-3 Dex+3 Slay+2
                  | SInv} (Okawaru gifted it to you on level 4 of the Depths)
 56823 | Depths:4 | Received a gift from Okawaru
 57056 | Depths:4 | Reached skill level 15 in Dodging
 57814 | Elf:1    | Entered Level 1 of the Elven Halls
 57822 | Elf:1    | Reached skill level 10 in Invocations
 58431 | Elf:1    | Identified the ring of Heleecva {Will+ Stlth+}
 58472 | Elf:1    | Found a runed translucent gate.
 58473 | Elf:1    | Found a runed translucent gate.
 58475 | Elf:1    | Found a runed translucent gate.
 58476 | Elf:1    | Noticed Peloso's ghost (journeyman MiFi)
 58696 | Elf:1    | Noticed Asterion
 58708 | Elf:1    | Killed Asterion
 58872 | Elf:1    | Found a radiant altar of Vehumet.
 58994 | Elf:1    | Gained mutation: You are weak. (Str -2) [mutagenic glow]
 59013 | Elf:1    | Gained mutation: Your system is resistant to poisons.
                  | (rPois) [mutagenic glow]
 59025 | Elf:1    | Gained mutation: You are frail. (-10% HP) [mutagenic glow]
 59036 | Elf:1    | Lost mutation: Your system is resistant to poisons. (rPois)
                  | [mutagenic glow]
 59046 | Elf:1    | Gained mutation: You are very frail. (-20% HP) [mutagenic
                  | glow]
 59062 | Elf:1    | Gained mutation: Your body sometimes deteriorates upon
                  | taking damage. [mutagenic glow]
 59206 | Elf:1    | Killed Peloso's ghost
 59628 | Elf:1    | Lost mutation: You are very frail. (-20% HP) [potion of
                  | mutation]
 59628 | Elf:1    | Lost mutation: Your body sometimes deteriorates upon taking
                  | damage. [potion of mutation]
 59628 | Elf:1    | Lost mutation: You are frail. (-10% HP) [potion of
                  | mutation]
 59628 | Elf:1    | Gained mutation: Your mind is acute. (Int +2) [potion of
                  | mutation]
 59628 | Elf:1    | Gained mutation: You passively map a small area around you.
                  | [potion of mutation]
 59629 | Elf:1    | Lost mutation: Your mind is acute. (Int +2) [potion of
                  | mutation]
 59629 | Elf:1    | Lost mutation: You passively map a small area around you.
                  | [potion of mutation]
 59629 | Elf:1    | Lost mutation: You are weak. (Str -2) [potion of mutation]
 59629 | Elf:1    | Gained mutation: You are strong-willed. (Will+) [potion of
                  | mutation]
 59629 | Elf:1    | Gained mutation: Your spells are a little harder to cast,
                  | but a little more powerful. [potion of mutation]
 59630 | Elf:1    | Lost mutation: Your spells are a little harder to cast, but
                  | a little more powerful. [potion of mutation]
 59630 | Elf:1    | Lost mutation: You are strong-willed. (Will+) [potion of
                  | mutation]
 59630 | Elf:1    | Gained mutation: You are frail. (-10% HP) [potion of
                  | mutation]
 59630 | Elf:1    | Gained mutation: You sometimes lose the ability to read
                  | scrolls when taking damage. [potion of mutation]
 59630 | Elf:1    | Gained mutation: Your movements are slightly less
                  | encumbered by armour. (ER -2) [potion of mutation]
 59631 | Elf:1    | Lost mutation: Your movements are slightly less encumbered
                  | by armour. (ER -2) [potion of mutation]
 59631 | Elf:1    | Lost mutation: You are frail. (-10% HP) [potion of
                  | mutation]
 59631 | Elf:1    | Gained mutation: Your mind is acute. (Int +2) [potion of
                  | mutation]
 59631 | Elf:1    | Gained mutation: Potions are less effective at restoring
                  | your health. [potion of mutation]
 59631 | Elf:1    | Gained mutation: You tend to lose your temper in combat.
                  | [potion of mutation]
 59632 | Elf:1    | Lost mutation: Potions are less effective at restoring your
                  | health. [potion of mutation]
 59632 | Elf:1    | Lost mutation: You sometimes lose the ability to read
                  | scrolls when taking damage. [potion of mutation]
 59632 | Elf:1    | Lost mutation: Your mind is acute. (Int +2) [potion of
                  | mutation]
 59632 | Elf:1    | Gained mutation: You have sharp toenails. [potion of
                  | mutation]
 59633 | Elf:1    | Lost mutation: You have sharp toenails. [potion of
                  | mutation]
 59633 | Elf:1    | Lost mutation: You tend to lose your temper in combat.
                  | [potion of mutation]
 59633 | Elf:1    | Gained mutation: You have sharp fingernails. [potion of
                  | mutation]
 59633 | Elf:1    | Gained mutation: You are robust. (+10% HP) [potion of
                  | mutation]
 59809 | Elf:1    | Identified the +2 hat of Servitude {Rampage rF- rC+++
                  | rCorr}
 60458 | Elf:2    | Found a runed translucent gate.
 60458 | Elf:2    | Found a runed translucent gate.
 60458 | Elf:2    | Found a runed translucent gate.
 60921 | Elf:2    | Received a gift from Okawaru
 62113 | Slime:1  | Entered Level 1 of the Pits of Slime
 62306 | Slime:1  | Reached skill level 10 in Armour
 63070 | Slime:2  | Gained mutation: You have an increased reservoir of magic.
                  | (+10% MP) [a shining eye]
 63522 | Slime:2  | Reached XP level 24. HP: 318/324 MP: 36/36
 64009 | Slime:2  | You fall into a shaft and drop 1 floor!
 64177 | Slime:3  | Gained mutation: You are clumsy. (Dex -2) [a shining eye]
 64178 | Slime:3  | Lost mutation: You are robust. (+10% HP) [a shining eye]
 64545 | Slime:4  | Gained mutation: You tend to lose your temper in combat. [a
                  | shining eye]
 64546 | Slime:4  | Paralysed by a floating eye for 2 turns
 64557 | Slime:3  | Lost mutation: You have an increased reservoir of magic.
                  | (+10% MP) [potion of mutation]
 64557 | Slime:3  | Lost mutation: You have sharp fingernails. [potion of
                  | mutation]
 64557 | Slime:3  | Lost mutation: You tend to lose your temper in combat.
                  | [potion of mutation]
 64557 | Slime:3  | Gained mutation: You are very clumsy. (Dex -4) [potion of
                  | mutation]
 64558 | Slime:3  | Lost mutation: You are very clumsy. (Dex -4) [potion of
                  | mutation]
 64558 | Slime:3  | Lost mutation: You are clumsy. (Dex -2) [potion of
                  | mutation]
 64558 | Slime:3  | Gained mutation: Your flesh is heat resistant. (rF+)
                  | [potion of mutation]
 64558 | Slime:3  | Gained mutation: Your skin changes colour to match your
                  | surroundings (Stealth+). [potion of mutation]
 64558 | Slime:3  | Gained mutation: You are resistant to electric shocks.
                  | (rElec) [potion of mutation]
 65447 | Slime:5  | Entered Level 5 of the Pits of Slime
 65586 | Slime:4  | Received a gift from Okawaru
 65637 | Slime:5  | Gained mutation: You are frail. (-10% HP) [a shining eye]
 65711 | Slime:5  | Gained mutation: You are weak. (Str -2) [a shining eye]
 65754 | Slime:5  | Noticed the Royal Jelly
 65771 | Slime:5  | Killed the Royal Jelly
 65784 | Slime:4  | HP: 6/265 [rockslime[the Royal Jelly] (33)]
 65788 | Slime:4  | Splashed with acid

Illustrated notes

Levels and vault maps discovered:
D:1:      lightli_iron_boxes, layout_basic,
          hellmonk_ecumenical_altar_inner_sanctum, kennysheep_another_room,
          minmay_pentomino_z4
D:2:      layout_rooms, st_stairs_13, uniq_crazy_yiuf_cottage
D:3:      layout_basic, serial_shops, nicolae_shop_advertising_works
          [nicolae_subvault_shop_adworks], uniq_terence, uniq_natasha
D:4:      layout_basic, minmay_temple_entry_overgrown, serial_bayou,
          serial_bayou_shore_b, serial_bayou_lagoon_b, serial_bayou_crossing,
          serial_bayou_lagoon_a
D:5:      cheibrodos_thug_alley, layout_loops_ring,
          nicolae_hepliaklqana_hazy_memory, gammafunk_ghost_grave, serial_shops,
          nicolae_diamond_shop
D:6:      layout_loops_ring, enter_ossuary_3, uniq_grinder
D:7:      layout_loops_ring, mainiacjoe_overflow_catwalk
D:8:      layout_loops_ring, serial_shops, shop, grunt_decor_cap
D:9:      layout_long_grid, david_orc_2, uniq_maggie
D:10:     minmay_octagon_keep, layout_stronghold, minmay_lair_entry_grove,
          minmay_starry_boxes, uniq_psyche
D:11:     layout_long_grid, special_room [special_room_orc],
          hellmonk_bongcloud_opening
D:12:     layout_basic
D:13:     layout_loops_cross, lightli_vaults_fourway_checkpoint
D:14:     layout_loops_ring, lemuel_round_altar
D:15:     grunt_enter_depths_magical_seal, layout_layer_cave,
          lemuel_crystal_altar
Temple:   mainiacjoe_temple_cubbyholes
Lair:1:   layout_gridlike, nicolae_lair_lindhole
Lair:2:   layout_loops_ring, guppyfry_lair_drakes, uniq_gastronok
Lair:3:   layout_gridlike, portal_ice_cave_rime, gammafunk_ghost_cemetery,
          grunt_megastairs_4
Lair:4:   layout_hall_layers, minmay_shoals_entry_beasts,
          guppyfry_snake_entry_island, minivault_23
Lair:5:   layout_long_grid, gauntlet_entry_generic, st_stairs_5,
          grunt_megastairs_3
Lair:6:   minmay_lair_end_frog_pond, layout_regular_city, slime_altar_1,
          infiniplex_staircase_pool
Shoals:1: layout_shoals, serial_shops, shop, uniq_aizul
Shoals:2: layout_shoals, lemuel_oklob_altar, uniq_polyphemus, uniq_ilsuiw
Shoals:3: layout_shoals, serial_shops, bzr_entry_islet
Shoals:4: shoals_end_simple, layout_shoals, regret_index_shoals_crete,
          uniq_mlioglotl
Snake:1:  layout_grid_shapes, nicolae_snake_storage_room, uniq_agnes
Snake:2:  layout_onion, grunt_ministairs_8, nicolae_shop_clearance,
          minmay_shoptagon
Snake:3:  layout_concentric_octagons, nicolae_snake_dead_anacondas,
          lemuel_fruit_tree
Snake:4:  johnstein_snake_rune_scales, layout_basic, basic_altar
Slime:1:  layout_caves
Slime:2:  nicolae_slime_pool, layout_caves
Slime:3:  layout_caves
Slime:4:  layout_caves
Slime:5
Orc:1:    layout_diamond_mine, nicolae_alphabet_shops
Orc:2:    kennysheep_orc_mage_school, layout_caves, basic_altar
Elf:1:    eino_elf_arrival_the_gate, layout_onion_city,
          gammafunk_ghost_tricky_traps, basic_altar, hangedman_elf_disciples,
          uniq_asterion
Elf:2:    nicolae_elf_blades_splatter_lattice
          [nicolae_blade_entry_sentries_behind_glass], layout_geoelf_diagonals,
          serial_sigils, serial_sigils_hangedman_stare,
          serial_sigils_hangedman_scratch, serial_sigils_hangedman_etch,
          serial_sigils_hangedman_snap, minmay_crystal_room
Vaults:1: nicolae_vaults_mini_display_case, grunt_vaults_diagonal,
          hangedman_vaults_hat, nicolae_vaults_big_ls,
          ontoclasm_vaults_misaligned, vaults_standard_mumra_lines,
          vaults_standard_mumra_enter_the_diamond, nicolae_vaults_triangles,
          vaults_dpeg_hooks, layout_vaults_big_cross
Vaults:2: v_pattern_2, nicolae_vaults_hallways_thing,
          ontoclasm_vaults_ring_large, hangedman_vaults_corner_blocks,
          hangedman_vaults_trim, v_rooms_3, minmay_crypt_entry_necro_gods,
          hangedman_vaults_slice, vaults_dpeg_ring, layout_vaults_omnigrid,
          serial_glass, serial_shops, bzr_entry_water, uniq_mennas
Vaults:3: vaults_standard_mumra_enter_the_diamond, vaults_dpeg_cross,
          grunt_vaults_hallway_long, v_misc_4, nicolae_vaults_rhombus_7,
          nicolae_vaults_rhombus_5, v_misc_16, v_pattern_3, v_misc_1, v_misc_26,
          v_misc_26, vaults_room_fancy_cross, vaults_room_pool,
          nicolae_vaults_little_squares_6, nicolae_vaults_little_squares_2,
          layout_vaults_maze_bifur, serial_glass
Vaults:4: st_greater_box_3, v_alt_pattern_2, vaults_room_large_hall,
          vaults_room_pools, v_misc_3, hangedman_vaults_stream,
          dpeg_vaults_monster_row, v_misc_17, grunt_vaults_hallway_short,
          ontoclasm_vaults_eye, layout_vaults_omnibox, uniq_margery
Depths:1: layout_cave_pools, serial_column_ruins, column_ruins_open_small,
          column_ruins_open_medium, column_ruins_grid_3, column_ruins_grid_2,
          column_ruins_corridor_corner, dk_noncrumbling_3, pf_coc_iceberg,
          grunt_ministairs_2, kennysheep_okawaru_gauntlet
Depths:2: minmay_firetagon, layout_cave_pools, enter_ziggurat_c,
          nicolae_abyss_entry_one_way_or_another, grunt_pan_entry_zigzag,
          nicolae_benzene_ring, hell_entry, minmay_staircase_statues
Depths:3: dreamdust_experimentation, layout_twisted_cross, hell_entry,
          minmay_misc_feat_nine_boxes, abyss_entry, uniq_frederick
Depths:4: evilmike_zot_entry_gauntlet, layout_gridlike,
          hangedman_abyss_or_decor_clamps, hell_entry, rand_demon_pan_entry_5,
          grunt_ministairs_14

Skill      XL: |  1  2  3  4  5  6  7  8  9 10 11 12 13 14 15 16 17 18 19 20 21 22 23 24 |
---------------+-------------------------------------------------------------------------+-----
Fighting       | 3 4 5 6 7 9 10 12 14 15 16 18 21 23 24 26 27 | 27.0
Maces & Flails | 3 4 5 6 7 9 11 12 14 15 17 18 20 21 23 24 25 27 | 27.0
Dodging        | 3 4 5 6 8 9 10 11 12 13 14 15 | 15.1
Invocations    | 4 9 13 14 | 14.5
Armour         | 3 7 10 11 | 11.4
Throwing       | |  2.0

Action                   |  1- 3 |  4- 6 |  7- 9 | 10-12 | 13-15 | 16-18 | 19-21 | 22-24 || total
-------------------------+-------+-------+-------+-------+-------+-------+-------+-------++-------
Melee: Flail             |    87 |       |    70 |       |       |       |       |       ||   157
       Punch             |     1 |     3 |     2 |     4 |       |       |       |       ||    10
       Spear             |     3 |   137 |       |       |       |       |       |       ||   140
       Whip              |       |       |   306 |   511 |       |       |       |       ||   817
       Giant spiked club |       |       |       |   141 |   760 |   847 |  1053 |   973 ||  3774
Throw: Javelin           |     1 |       |     7 |       |       |       |       |       ||     8
       Dart              |       |       |    16 |    39 |    28 |     9 |       |       ||    92
Evoke: Wand              |       |       |       |     1 |       |       |       |     1 ||     2
  Use: Potion            |       |     1 |     1 |     3 |     5 |     6 |     9 |    15 ||    40
       Scroll            |       |       |    13 |    14 |     9 |    20 |     7 |    15 ||    78
 Stab: Sleeping          |       |     4 |     1 |       |       |       |       |       ||     5
       Petrified         |       |       |       |       |     2 |       |       |       ||     2
Armor: Robe              |    28 |    12 |    67 |    26 |       |       |       |       ||   133
       Troll leather arm |       |       |       |   100 |   237 |   219 |   208 |    41 ||   805
       Animal skin       |       |       |       |       |       |       |       |    18 ||    18
       Gold dragon scale |       |       |       |       |       |       |       |   503 ||   503
Dodge: Dodged            |    49 |    45 |   139 |   304 |   498 |   467 |   462 |   351 ||  2315
